woodfighter, neutral female human Wizard ---------- --- ----- ........ .|#####.<..| --------.....------------.|# |...| |...|.%|.....|..|(((|...|.|# ....| |...|!%|.....-).|(((|%..|.|# |...| |...|..|.....|..|...|...|..## |...| | ...||--.....-----|--|---.|# |...| |.-+----|--.....................| ----- |..@.@.....[..{......{..........| | -'---|---....--|---...........| |...|...|---)|..[.|.----|----.| |(@(|...|..|.|....|.| |....|.| |(((|...|.[-.|.._.|.+ |....|.| |(((|...|..|.|....|.| |(...|.| ------------.------.- ------.| .. . .| ---- --- --- woodfighter the Thaumaturge Experience level: 6 Strength: 9 Dexterity: 10 Constitution: 13 Intelligence: 19 Wisdom: 18 Charisma: 9 Health: 0(50) Energy: 60(70) Def: 1 Gold: 133 Moves: 2675 Dungeon seed: BCpTAam0k4-QLN8m Game ID: woodfighter_1448146581 Your Inventory: Coins $ - 133 gold pieces Weapons a - a blessed +1 quarterstaff (weapon in hands) Armor e - an uncursed +0 cloak of magic resistance (being worn) n - an uncursed +0 dwarvish cloak r - an uncursed +1 dwarvish cloak y - an uncursed +0 dwarvish cloak Comestibles b - an uncursed fortune cookie g - an uncursed lichen corpse k - an uncursed sprig of wolfsbane x - an uncursed pancake P - 2 uncursed tripe rations Wands K - a wand of digging (0:6) Tools c - an uncursed lock pick h - an uncursed magic whistle s - an uncursed bag of holding t - an uncursed towel Gems q - a cursed touchstone X - an uncursed luckstone Contents of the bag of holding: 166 gold pieces a blessed +1 dwarvish cloak an uncursed +0 dwarvish cloak an uncursed +0 dwarvish cloak an uncursed +0 dwarvish cloak an uncursed +0 dwarvish cloak a cursed +0 dwarvish cloak a cursed -1 dwarvish cloak 2 uncursed food rations a +0 pick-axe Spells and supernatural/magical abilities: Name Level Category Fail Memory a - force bolt 1 attack 0% 87% x - extra healing 3 healing 71% 87% W - pray for help -- divine ? -- Your skills at the end: Miscellaneous Skills wands [Basic] Weapon Skills quarterstaff [Basic] Spellcasting Skills attack spells [Basic] enchantment spells [Basic] Final Attributes: You were devoutly aligned. You were magic-protected. You were lucky. You had extra luck. Bad luck did not time out for you. Good luck did not time out for you. You are dead. Vanquished creatures: a small mimic a gnome king a jaguar 2 dwarf lords 3 gnome lords a straw golem a floating eye a kitten 9 dwarves 4 dwarf zombies a wererat 2 coyotes 2 hobbits 3 giant rats a yellow mold 17 gnomes 4 jackals a fox a kobold 4 newts a goblin 2 grid bugs a bat 3 lichens 67 creatures vanquished. Voluntary challenges: You did not adorn yourself with jewelry or accessories. You used a wielded weapon 39 times, starting on turn 99. You did not apply a unicorn horn. You read items or engraved 3 times, starting on turn 2492. You never genocided any monsters. You never polymorphed an object. You never changed form. You used no wishes. You never split a pudding. You never wrote Elbereth's name. You never violated your personal moral code. Dungeon overview: The Dungeons of Doom: levels 1 to 3 Level 1 (locked box) a long staircase Level 2 a hardware shop Level 3 some fountains stairs to The Gnomish Mines The Gnomish Mines: levels 4 to 6 Level 4 stairs to The Dungeons of Doom Level 5 Level 6 <- You were here some shops, a temple to Ptah, a magic chest, some fountains History has recorded: On T:1 you entered the Dungeons of Doom to retrieve the Amulet of Yendor! On T:129 you reached level 2 of The Dungeons of Doom. On T:587 you reached level 3 of The Dungeons of Doom. On T:591 you advanced to experience level 2. On T:968 you advanced to experience level 3. On T:1337 you reached level 1 of The Gnomish Mines. On T:1529 you advanced to experience level 4. On T:1704 you reached level 2 of The Gnomish Mines. On T:1744 you advanced to experience level 5. On T:2082 you reached level 3 of The Gnomish Mines. On T:2243 you advanced to experience level 6. On T:2371 you opened a magic chest. On T:2394 you entered the Minetown temple On T:2473 you opened a magic chest. On T:2497 you opened a magic chest. On T:2499 you opened a magic chest. Score breakdown: Gold: 299 ( 29 points) Experience: 6 levels ( 500 points) Exploration: 6 levels ( 150 points) Discoveries: 11 items ( 550 points) Variety of kills: 24 monsters ( 1200 points) Major goal: reached Minetown ( 500 points) Survival: died (score multiplied by 3) Total score: 8787 Latest messages: You put an uncursed scroll labeled NR 9 into the magic chest. You put an uncursed scroll labeled TEMOV into the magic chest. You put an uncursed spellbook of extra healing into the magic chest. You put a blessed spellbook of force bolt into the magic chest. You put an uncursed plain spellbook into the magic chest. You put a cursed mottled spellbook into the magic chest. You put an uncursed plain spellbook into the magic chest. You put 3 uncursed purple-red potions into the magic chest. You put a cursed dark green potion into the magic chest. You put an uncursed cyan potion into the magic chest. You put an uncursed dark green potion into the magic chest. You put a cursed silver ring into the magic chest. You put a wand of nothing (0:7) into the magic chest. You put an uncursed key into the magic chest. You put 7 uncursed tallow candles into the magic chest. You put 2 uncursed blue gems into the magic chest. You put an uncursed black gem into the magic chest. You put 4 uncursed red gems into the magic chest. You put a stone called touchstone into the magic chest. You put an uncursed orange gem into the magic chest. Your movements are now unencumbered. The spell misses the gold golem. The gold golem claws you! (2x) You die... Rewuorb looks at your corpse, shakes his head, and sighs. Final status: Goodbye woodfighter the Wizard, killed by a gold golem... You died in The Gnomish Mines on dungeon level 6 with 8787 points, and 299 pieces of gold, after 2675 moves. You were level 6 with a maximum of 50 hit points when you died.